 Dungeon Crawl Stone Soup version 0.30-a0-830-gfe289a77b0 (webtiles) character file.

Game seed: 3220762328733825148

26849 Pimp the Fighter (level 13, -4/92 (104) HPs)
             Began as a Demonspawn Gladiator on Feb 28, 2023.
             Was a High Priest of Okawaru.
             Slain by a sixfirhy (9 damage)
             ... summoned by an orc sorcerer
             ... on level 2 of the Orcish Mines.
             The game lasted 00:40:38 (14193 turns).

Pimp the Fighter (Demonspawn Gladiator)            Turns: 14193, Time: 00:40:39

HP:   -4/92 (104)   AC: 21    Str: 25    XL:     13   Next: 1%
MP:   0/13          EV: 12    Int: 10    God:    Okawaru [*****.]
Gold: 734           SH:  0    Dex: 19    Spells: 12/12 levels left

rFire   . . .      SeeInvis .    s - +9 broad axe
rCold   x . .      Faith    .    (no shield)
rNeg    . . .      Spirit   +    i - +0 plate armour
rPois   .          Reflect  .    c - +2 helmet
rElec   .          Harm     .    A - +2 cloak
rCorr   .          Rampage  .    l - +2 pair of gloves
Will    .....                    (no boots)
Stlth   x                          - amulet of guardian spirit
HPRegen 0.35/turn                f - +6 ring of strength
MPRegen 0.13/turn                q - +6 ring of dexterity

@: about to teleport, heavily drained
A: slimy green scales 2, (demonic guardian 2), demonic magic 1, demonic touch 1,
talons 1, clumsy 1, deformed body, deterioration 1, sense surroundings 1, shaggy
fur 1, cold vulnerability 1
a: Renounce Religion, Heroism, Finesse, Duel


You were on level 2 of the Orcish Mines.
You worshipped Okawaru.
Okawaru was extremely pleased with you.
You visited 3 branches of the dungeon, and saw 12 of its levels.
You also visited: Sewer and Bailey.

You collected 1300 gold pieces.
You spent 566 gold pieces at shops.

Inventory:

Hand Weapons
 a - a +1 war axe
 s - a +9 broad axe (weapon)
 u - a +0 war axe
 D - a +2 broad axe
 G - a +3 war axe
Missiles
 e - a javelin
 m - 5 boomerangs (quivered)
 o - a boomerang of dispersal
 r - a datura-tipped dart
Armour
 b - a +0 leather armour
 c - a +2 helmet (worn)
 i - a +0 plate armour (worn)
 l - a +2 pair of gloves (worn)
 w - a +0 scale mail
 A - a +2 cloak (worn)
Jewellery
 d - an amulet of the acrobat
 f - a +6 ring of strength (left hand)
 q - a +6 ring of dexterity (right hand)
 x - an amulet of guardian spirit (around neck)
 E - a +6 ring of intelligence
 F - a ring of poison resistance
Wands
 y - a wand of acid (1)
Scrolls
 h - 2 scrolls of immolation
 j - 4 scrolls of teleportation
 p - a scroll of vulnerability
 z - 3 scrolls of torment
Potions
 g - 2 potions of magic
 t - a potion of brilliance
 v - 3 potions of lignification
 H - a potion of cancellation
 K - a potion of mutation


   Skills:
 + Level 10.6 Fighting
 + Level 10.3 Axes
 + Level 9.8 Throwing
 + Level 6.3 Armour
 + Level 10.0 Dodging


You had 12 spell levels left.
You didn't know any spells.
Your spell library contained the following spells:

 Spells                   Type           Power      Damage    Failure   Level
 Apportation              Tloc           0%         N/A       99%         1
 Necrotise                Necr           0%         1d4       99%         1
 Ensorcelled Hibernation  Hex/Ice        0%         N/A       100%        2
 Passwall                 Tmut/Erth      0%         N/A       100%        2
 Ignite Poison            Fire/Tmut/Pois 0%         N/A       100%        3
 Kindle Blastsparks       Fire/Tloc/Air  0%         2d10      100%        3
 Swiftness                Air            0%         N/A       100%        3
 Passage of Golubria      Tloc           0%         N/A       100%        4
 Borgnjor's Vile Clutch   Necr/Erth      0%         N/A       100%        5
 Freezing Cloud           Conj/Ice/Air   0%         6-21      100%        5
 Silence                  Hex/Air        0%         N/A       100%        5
 Storm Form               Tmut/Air       0%         N/A       100%        7
 Lehudib's Crystal Spear  Conj/Erth      0%         10d2      100%        8
 Maxwell's Capacitive Co  Air            0%         ∞         100%        8
 Summon Small Mammal      Summ           Unusable   N/A       N/A         1
 Animate Dead             Necr           Unusable   N/A       N/A         4
 Summon Lightning Spire   Summ/Air       Unusable   N/A       N/A         4
 Death Channel            Necr           Unusable   N/A       N/A         6

Dungeon Overview and Level Annotations

Branches:
Dungeon (9/15)             Temple (1/1) D:4             Orc (2/2) D:9
    Elf (0/3) Orc:2         Sewer (visited)          Bailey (visited)
   Lair: D:8-11

Altars:
Ashenzari
Cheibriados
Fedhas
Hepliaklqana
Kikubaaqudgha
Makhleb
Nemelex Xobeh
Okawaru
Qazlal
Ru
Sif Muna
Trog
Uskayaw
Vehumet
Wu Jian
Xom
Yredelemnul

Shops:
D:3 ?   D:4 !   D:5 =   D:7 *   D:8 ?   Orc:2 !!

Annotations:
D:4 3 runed translucent doors, jimonade's ghost, amateur OgWr
D:9 Amaemon


Innate Abilities, Weirdness & Mutations

You are mostly covered in slimy green scales. (AC +3)
((A demonic guardian rushes to your aid.))
Spells you cast may paralyse adjacent enemies.
Your touch may inflict minor irresistible damage on your foes.
You have sharp toenails.
You are clumsy. (Dex -2)
Armour fits poorly on your strangely shaped body.
Your body sometimes deteriorates upon taking damage.
You passively map a small area around you.
You are covered in fur. (AC +1)
You are vulnerable to cold. (rC-)


Message History

You slash the orc sorcerer!
You kill the orc sorcerer!
Okawaru accepts your kill.
You feel your intelligence returning.
You have reached level 13!
Your demonic ancestry asserts itself...
Your guardian grows in power.
You start resting.
Magic restored.
You start resting.
HP restored.
Items here: )) [[.
The orc sorcerer shouts!
The orc sorcerer gestures at you while chanting.
The bolt of negative energy hits you!!
You feel drained.
You hear a shout!
You hear a shout!
The orc sorcerer points at you and mumbles some strange words.
You resist with some effort.
You see here a javelin.
The orc sorcerer mumbles some strange words.
The orc sorcerer gestures wildly while chanting.
You see here a javelin.
The demonspawn shouts!
The orc sorcerer gestures at you while chanting.
The bolt of negative energy misses the sixfirhy.
The bolt of negative energy hits you!!!
You feel drained.
The ice devil hits you but does no damage.
Things that are here:
a +6 longbow; a +0 dagger; a +0 robe The ice devil attacks as you move away!
The ice devil hits you. The ice devil freezes you!!
You feel a terrible chill!
* * * LOW HITPOINT WARNING * * *
As you read the scroll of teleportation, it crumbles to dust.
You feel strangely unstable.
The sixfirhy hits you but does no damage. x3
The sixfirhy attacks as you move away! The sixfirhy hits you.
* * * LOW HITPOINT WARNING * * *
The sixfirhy shocks you!
You die...

##..###.## ##......
##..###.()## ##.#...
##[.###.#.#.## ###...
##).###...#...## ###.
#.)###...###..)## ##
[.###)..##.##.).##
[[[....##..6##...##
..#...## #.o##...## #
#....## * #..##@#.## #
....## #o43....## ####
#..## , , ##o#.((..# ##.#.
....## * #....(..## #....
#....## #..##)#.##### ##...
..#[..## ,#..##)..####.##
###... ...)...##...##.).##
#...## #.....
..###...##.##...##
#....#######.
#..###..)###).)######.....#
##..


You could see an ice devil (summoned), a sixfirhy (summoned) and 2 orc
sorcerers.

Vanquished Creatures
  3 orc warlords
  2 two-headed ogres
  3 orc high priests (Orc:2)
  Pikel (D:5)
  5 orc knights
  6 orc sorcerers
  A rust devil (Orc:2)
  A troll (Orc:1)
  A hellwing (Orc:2)
  2 wyverns
  A ynoxinul (Orc:2)
  Eustachio (D:5)
  A chaos spawn (Orc:2)
  A neqoxec (Orc:1)
  4 wargs
  A water moccasin (D:6)
  An ice beast (D:7)
  2 sky beasts (D:6)
  40 orc warriors
  3 ogres (Orc:1)
  2 centaurs
  2 lemures (D:5)
  Blork the orc (D:5)
  A bullfrog (D:8)
  2 scorpions
  12 wights
  9 killer bees
  A howler monkey (D:4)
  A jelly (D:4)
  A gnoll bouda (D:5)
  2 hounds
  28 orc priests
  Ijyb (D:5)
  5 iguanas
  8 orc wizards
  A hell rat (Sewer)
  14 gnolls
  11 adders
  5 river rats
  A white imp (D:6)
  An ufetubus (D:4)
  3 worms
  2 dart slugs
  76 orcs
  8 ball pythons
  2 bats
  4 endoplasms
  2 giant cockroaches (D:4)
  13 goblins
  19 hobgoblins
  9 jackals
  2 quokkas
  14 frilled lizards
  5 kobolds
  12 rats
360 creatures vanquished.

Vanquished Creatures (others)
  An orc (Orc:2)
  5 plants (D:5)
6 creatures vanquished.

Grand Total: 366 creatures vanquished

Notes
Turn   | Place    | Note
-------+----------+-------------------------------------------
     0 | D:1      | Pimp the Demonspawn Gladiator began the quest for the Orb.
     0 | D:1      | Reached XP level 1. HP: 16/16 MP: 1/1
   153 | D:1      | Gained mutation: You are partially covered in slimy green
                  | scales. (AC +2) [demonic ancestry]
   153 | D:1      | Reached XP level 2. HP: 22/22 MP: 2/2
   710 | D:2      | Gained mutation: Spells you cast may paralyse adjacent
                  | enemies. [demonic ancestry]
   710 | D:2      | Reached XP level 3. HP: 28/28 MP: 3/3
  1468 | D:3      | Noticed a fire elemental
  1534 | D:3      | Reached XP level 4. HP: 23/34 MP: 4/4
  1604 | D:3      | Found Urphaj's Magic Scroll Emporium.
  1611 | D:3      | Bought a scroll of enchant armour for 75 gold pieces
  1785 | D:3      | Identified the +1 morningstar "Nos Wiuf" {drain, rF+ SInv}
  1959 | D:3      | Noticed an air elemental
  1962 | D:3      | Found a stormy altar of Qazlal.
  1964 | D:3      | Noticed a water elemental
  1964 | D:3      | Noticed an earth elemental
  2665 | D:4      | Found Yvene's Distillery.
  2685 | D:4      | Noticed a scorpion
  2690 | D:4      | Reached XP level 5. HP: 31/41 MP: 5/5
  2717 | D:4      | Gained mutation: Your touch may inflict minor irresistible
                  | damage on your foes. [demonic ancestry]
  2717 | D:4      | Reached XP level 6. HP: 38/47 MP: 6/6
  2861 | D:4      | Identified the +11 dagger "Linkoull" {antimagic, Fragile
                  | +Blink rPois}
  2861 | D:4      | Identified the +0 scale mail "Newuor" {rCorr Stlth+}
  2871 | D:4      | Found a runed translucent gate.
  2956 | D:4      | Found a runed translucent gate.
  2956 | D:4      | Found a runed translucent gate.
  2960 | D:4      | Noticed jimonade's ghost (amateur OgWr)
  2961 | D:4      | Identified the +6 plate armour of Music {Regen+ Str+6}
  2961 | D:4      | Noticed an orc warrior
  2987 | D:4      | Found a glowing drain.
  3057 | Sewer    | Entered a sewer
  3238 | D:4      | Found a staircase to the Ecumenical Temple.
  3251 | Temple   | Entered the Ecumenical Temple
  3548 | Temple   | Became a worshipper of Warmaster Okawaru
  3905 | D:5      | Entered Level 5 of the Dungeon
  3911 | D:5      | Reached XP level 7. HP: 51/54 MP: 5/7
  3934 | D:5      | Found a shimmering blue altar of Sif Muna.
  4047 | D:5      | Noticed Ijyb
  4047 | D:5      | Noticed Pikel
  4048 | D:5      | Noticed Eustachio
  4066 | D:5      | Killed Pikel
  4066 | D:5      | Reached * piety under Okawaru
  4067 | D:5      | Reached skill level 5 in Fighting
  4067 | D:5      | Reached skill level 5 in Axes
  4067 | D:5      | Reached skill level 5 in Dodging
  4067 | D:5      | Gained mutation: You are mostly covered in slimy green
                  | scales. (AC +3) [demonic ancestry]
  4067 | D:5      | Reached XP level 8. HP: 62/62 MP: 3/8
  4069 | D:5      | Killed Ijyb
  4104 | D:5      | Killed Eustachio
  4104 | D:5      | Reached ** piety under Okawaru
  4396 | D:5      | Found Baczum's Jewellery Boutique.
  4547 | D:5      | Reached skill level 5 in Throwing
  4752 | D:5      | Noticed Blork the orc
  4757 | D:5      | Killed Blork the orc
  5891 | D:6      | Reached XP level 9. HP: 60/69 MP: 7/9
  6230 | D:6      | Found an ornate altar of the Wu Jian Council.
  6412 | D:7      | Reached *** piety under Okawaru
  6466 | D:7      | Found Duwn's Assorted Antiques.
  6497 | D:7      | You fall into a shaft and drop 1 floor!
  7375 | D:8      | Found Qanegi Diaf's Magic Scroll Shoppe.
  7956 | D:8      | Bought a scroll of enchant weapon for 105 gold pieces
  7956 | D:8      | Bought a scroll of enchant weapon for 105 gold pieces
  8088 | D:9      | Noticed a two-headed ogre
  8089 | D:9      | Gained mutation: Armour fits poorly on your strangely
                  | shaped body. [potion of mutation]
  8089 | D:9      | Gained mutation: Your body sometimes deteriorates upon
                  | taking damage. [potion of mutation]
  8089 | D:9      | Gained mutation: You have very sharp teeth. [potion of
                  | mutation]
  8092 | D:9      | Killed a two-headed ogre
  8092 | D:9      | Received a gift from Okawaru
  8092 | D:9      | Reached **** piety under Okawaru
  8098 | D:9      | Lost mutation: You have very sharp teeth. [potion of
                  | mutation]
  8098 | D:9      | Lost mutation: Your body sometimes deteriorates upon taking
                  | damage. [potion of mutation]
  8098 | D:9      | Gained mutation: You passively map a small area around you.
                  | [potion of mutation]
  8098 | D:9      | Gained mutation: You are covered in fur. (AC +1) [potion of
                  | mutation]
  8098 | D:9      | Gained mutation: You have sharp toenails. [potion of
                  | mutation]
  8136 | D:9      | Identified the +0 leather armour of the Lair of Beasts
                  | {rElec rF- Int+3 Stlth+}
  8161 | D:9      | Reached XP level 10. HP: 64/79 MP: 7/10
  8374 | D:9      | Found a staircase to the Orcish Mines.
  8582 | D:9      | Found a flagged portal.
  8592 | Bailey   | Entered a bailey
  8781 | Bailey   | Noticed an orc knight
  8801 | Bailey   | Killed an orc knight
  8801 | Bailey   | Received a gift from Okawaru
  9016 | Bailey   | Noticed an orc warlord
  9057 | Bailey   | Killed an orc warlord
  9897 | D:9      | Noticed Amaemon
  9897 | D:9      | Noticed an orange demon
  9989 | Orc:1    | Entered Level 1 of the Orcish Mines
 10046 | Orc:1    | Gained mutation: A weak demonic guardian rushes to your
                  | aid. [demonic ancestry]
 10046 | Orc:1    | Reached XP level 11. HP: 89/89 MP: 11/11
 10064 | Orc:2    | Entered Level 2 of the Orcish Mines
 10074 | Orc:2    | Noticed an orc warlord
 10077 | Orc:2    | Noticed an orc warlord
 10079 | Orc:1    | Noticed an orc knight
 10083 | Orc:1    | Noticed an orc sorcerer
 10500 | Orc:1    | Reached ***** piety under Okawaru
 10578 | Orc:1    | Reached XP level 12. HP: 62/96 MP: 10/12
 11113 | Orc:1    | Killed an orc warlord
 11337 | Orc:1    | Killed an orc warlord
 11576 | Orc:2    | Received a gift from Okawaru
 11669 | Orc:2    | Found Hizey's Distillery.
 11764 | Orc:2    | Reached skill level 5 in Armour
 11914 | Orc:2    | Found Rauduch's Distillery.
 12231 | Orc:2    | Bought a potion of heal wounds for 65 gold pieces
 12233 | Orc:2    | Bought a potion of berserk rage for 60 gold pieces
 12233 | Orc:2    | Bought a potion of haste for 120 gold pieces
 12233 | Orc:2    | Bought a potion of curing for 36 gold pieces
 12307 | Orc:2    | Gained mutation: You are vulnerable to cold. (rC-) [a
                  | neqoxec]
 12309 | Orc:2    | Gained mutation: Your body sometimes deteriorates upon
                  | taking damage. [a neqoxec]
 12322 | Orc:2    | Paralysed by an orc sorcerer for 5 turns
 12327 | Orc:2    | Gained mutation: You are clumsy. (Dex -2) [a neqoxec]
 12335 | Orc:1    | Received a gift from Okawaru
 12749 | Orc:2    | Reached skill level 10 in Fighting
 12881 | Orc:2    | Found a staircase to the Elven Halls.
 12890 | Orc:2    | Noticed a two-headed ogre
 12899 | Orc:2    | Killed a two-headed ogre
 12899 | Orc:2    | Received a gift from Okawaru
 13265 | Orc:2    | Reached skill level 10 in Axes
 13538 | Orc:2    | HP: 3/98 [rust devil[an orc sorcerer] (10)]
 13772 | Orc:2    | Noticed an orc high priest
 13784 | Orc:2    | Killed an orc high priest
 13788 | Orc:2    | Noticed an orc high priest
 13792 | Orc:2    | Noticed a demonspawn
 13792 | Orc:2    | Noticed an orc high priest
 13796 | Orc:2    | Noticed an orc high priest
 13798 | Orc:2    | Killed an orc high priest
 13798 | Orc:2    | Received a gift from Okawaru
 14129 | Orc:2    | Killed an orc high priest
 14136 | Orc:2    | Reached skill level 10 in Dodging
 14140 | Orc:2    | Gained mutation: A demonic guardian rushes to your aid.
                  | [demonic ancestry]
 14140 | Orc:2    | Reached XP level 13. HP: 88/104 MP: 9/13
 14193 | Orc:2    | Slain by a sixfirhy

Illustrated notes

Levels and vault maps discovered:
D:1:      lightli_arrival_quake, layout_basic
D:2:      layout_basic
D:3:      layout_basic, nicolae_qazlal_style_of_elements, serial_shops,
          nicolae_shop_waterfront, roderic_lattice_a
D:4:      layout_cave_pools, minmay_temple_entry_overgrown,
          portal_sewer_entry_c, biasface_ghost_orc_armoury, serial_shops, shop
D:5:      layout_rooms, mainiacjoe_overflow_alcove_4,
          nicolae_sif_muna_condensation, serial_shops, shop_coins,
          nicolae_hexahallways, hangedman_decor_riveting, minmay_lizard_king,
          uniq_blork_the_orc, uniq_eustachio, uniq_pikel, uniq_ijyb
D:6:      layout_loops_ring, mainiacjoe_overflow_alcove_2, centaur_isle
D:7:      layout_loops_ring, amcnicky_mini_corridor_feature,
          nicolae_take_the_stairs, minmay_misc_feat_room
D:8:      layout_layer_cave, serial_shops,
          nicolae_shop_competitors_out_of_business
D:9:      layout_long_grid, grunt_gozag_statues,
          mainiacjoe_overflow_surrounded_room, david_orc_1_choice,
          gammafunk_ghost_smash, enter_bailey_3, uniq_amaemon
Temple:   minmay_temple_bridge_d
Orc:1:    layout_diamond_mine, serial_shops, minmay_orc_temple_c
Orc:2:    pf_orc_diabolical, layout_diamond_mine

Skill      XL: |  1  2  3  4  5  6  7  8  9 10 11 12 |
---------------+-------------------------------------+-----
Throwing       | 2 3 4 5 6 8 9 |  9.8
Dodging        | 3 4 5 6 7 8 10 | 10.0
Axes           | 3 4 5 6 7 9 10 | 10.3
Fighting       | 3 4 5 6 7 9 10 | 10.6
Armour         | 4 6 |  6.3

Action                     |  1- 3 |  4- 6 |  7- 9 | 10-12 | 13-15 || total
---------------------------+-------+-------+-------+-------+-------++-------
  Melee: War axe           |    79 |   145 |   200 |    71 |       ||   495
         Punch             |       |     2 |       |       |       ||     2
         Touch             |       |    16 |    44 |    71 |       ||   131
         Broad axe         |       |       |     7 |   308 |       ||   315
         Kick              |       |       |     3 |   112 |       ||   115
         Bite              |       |       |     1 |       |       ||     1
  Throw: Throwing net      |       |     3 |     2 |       |       ||     5
         Javelin           |       |     1 |       |    16 |       ||    17
         Boomerang         |       |       |    15 |    20 |       ||    35
         Dart              |       |       |       |     2 |       ||     2
 Invoke: Heroism           |       |       |       |     2 |       ||     2
  Evoke: Wand              |       |       |       |    24 |       ||    24
    Use: Scroll            |       |     7 |    12 |    10 |     1 ||    30
         Potion            |       |     4 |     5 |    16 |       ||    25
   Stab: Invisible         |       |       |       |     4 |       ||     4
 Armour: Leather armour    |     4 |       |       |       |       ||     4
         Plate armour      |    55 |   139 |   218 |   240 |     4 ||   656
  Dodge: Dodged            |    35 |    85 |   141 |   297 |       ||   558

Table legend: (Time is in decaauts)
 A = Elapsed time spent in this place.
 B = Non-inter-level travel time spent in this place.
 C = Inter-level travel time spent in this place.
 D = Time resting spent in this place.
 E = Time spent auto-exploring this place.
 F = Levels seen in this place.
 G = Mean time per level.
                   A        B        C        D        E       F      G
               +--------+--------+--------+--------+--------+-----+--------+
         Total |  14380 |  13496 |    884 |   3853 |   6438 |  14 | 1027.1 |
       Dungeon |   8794 |   8296 |    498 |   1181 |   5453 |   9 |  977.1 |
        Temple |    366 |    225 |    141 |      0 |    214 |   1 |  366.0 |
  Orcish Mines |   4232 |   3987 |    245 |   2355 |    424 |   2 | 2116.0 |
         Sewer |    106 |    106 |      0 |      0 |     54 |   1 |  106.0 |
        Bailey |    880 |    880 |      0 |    317 |    293 |   1 |  880.0 |
               +--------+--------+--------+--------+--------+-----+--------+

Top non-repeatable levels by time:
   Orc:2: 2239 daAuts
   Orc:1: 1993 daAuts
     D:8: 1593 daAuts
     D:3: 1337 daAuts
     D:6: 1221 daAuts
     D:5: 1207 daAuts
     D:9: 1045 daAuts
  Bailey: 880 daAuts
     D:4: 824 daAuts
     D:2: 708 daAuts
     D:1: 649 daAuts
  Temple: 366 daAuts
     D:7: 206 daAuts
   Sewer: 106 daAuts
